 Dungeon Crawl Stone Soup version 0.21-a0-352-g5b8f553 (webtiles) character file.

186 Irenicus the Skirmisher (level 5, -2/47 HPs)
             Began as a Gnoll Wanderer on Oct 11, 2017.
             Slain by a centaur (3 damage)
             ... on level 3 of the Dungeon.
             The game lasted 00:05:51 (1950 turns).

Irenicus the Skirmisher (Gnoll Wanderer)            Turns: 1950, Time: 00:05:51

Health: -2/47      AC:  6    Str: 15    XL:     5   Next: 65%
Magic:  7/7        EV: 19    Int: 14    God:
Gold:   95         SH:  0    Dex: 20    Spells: 7/7 levels left

rFire    . . .     SeeInvis +   a - +2 spear
rCold    . . .     Gourm    .   (no shield)
rNeg     . . .     Faith    .   b - +0 ring mail
rPois    .         Spirit   .   (no helmet)
rElec    .         Reflect  .   (no cloak)
rCorr    +         Harm     .   k - +0 pair of gloves
MR       .....                  (no boots)
Stlth    +++.......             (no amulet)
HPRegen  0.15/turn              i - ring of resist corrosion
MPRegen  0.10/turn              l - ring of see invisible

@: agile
A: distributed training, fangs 1, strong nose
a: no special abilities


You were on level 3 of the Dungeon.
You were hungry.

You visited 1 branch of the dungeon, and saw 3 of its levels.

You collected 95 gold pieces.

Inventory:

Hand Weapons
 a - a +2 spear (weapon)
 d - a +0 dagger
Armour
 b - a +0 ring mail (worn)
 k - a +0 pair of gloves (worn)
 o - a +0 large shield
Jewellery
 i - a ring of resist corrosion (left hand)
 l - a ring of see invisible (right hand)
Scrolls
 c - 5 scrolls of teleportation
 e - a scroll of enchant weapon {unknown}
 n - a scroll of identify {unknown}
 p - a scroll of enchant armour {unknown}
Comestibles
 f - 3 bread rations
 g - 4 meat rations
 h - a royal jelly
 j - 6 fruits


   Skills:
 + Level 6.7 Fighting
 + Level 1.5 Short Blades
 + Level 1.5 Long Blades
 + Level 1.5 Axes
 + Level 1.5 Maces & Flails
 + Level 3.0 Polearms
 + Level 1.5 Staves
 + Level 1.5 Slings
 + Level 1.5 Bows
 + Level 3.0 Crossbows
 + Level 1.5 Throwing
 + Level 3.0 Armour
 + Level 4.8 Dodging
 + Level 4.4 Stealth
 + Level 1.5 Shields
 + Level 1.5 Unarmed Combat
 + Level 1.5 Spellcasting
 + Level 1.5 Conjurations
 + Level 1.5 Hexes
 + Level 1.5 Charms
 + Level 1.5 Summonings
 + Level 1.5 Necromancy
 + Level 1.5 Translocations
 + Level 1.5 Transmutations
 + Level 1.5 Fire Magic
 + Level 1.5 Ice Magic
 + Level 1.5 Air Magic
 + Level 1.5 Earth Magic
 + Level 1.5 Poison Magic
 + Level 1.5 Invocations
 + Level 1.5 Evocations


You had 7 spell levels left.
You didn't know any spells.

Dungeon Overview and Level Annotations

Branches:
Dungeon (3/15)

Altars:


Innate Abilities, Weirdness & Mutations

Your experience applies equally to all skills.
You have very sharp teeth.
Your uncanny sense of smell can sniff out nearby items.


Message History

* * * LOW HITPOINT WARNING * * *
Attack whom?
Press: ? - help, Dir - move target cursor, f - centaur
Aim: a centaur You hit the centaur.
The centaur is lightly wounded.
The centaur completely misses you.
Attack whom?
Press: ? - help, Dir - move target cursor, f/p - centaur
Aim: a centaur (lightly wounded)
You hit the centaur.
The centaur is moderately wounded.
The centaur closely misses you.
Attack whom?
Press: ? - help, Dir - move target cursor, f/p - centaur
Aim: a centaur (moderately wounded)
You hit the centaur.
The centaur is moderately wounded.
The centaur hits you.
You die...

#.........
#........ #......##
+.......#
###+###### .......#
#........# #....#
#........# #J#
#........########c#
#######
#..............(@.#
#....(.
#........##########
#.....[
#........'....#
#......
#........####.#
#......
#...........#
#>.....
#.........#.#
#......
#...........#
#......
#.........#.#
####.....†
#######.....#
#..'......


You could see a centaur and an ooze.

Vanquished Creatures
  An orc priest (D:3)
  4 adders
  5 gnolls
  An ooze (D:1)
  2 worms (D:2)
  A dart slug (D:1)
  3 leopard geckos
  3 orcs
  6 bats
  2 giant cockroaches (D:1)
  8 goblins
  8 hobgoblins
  2 jackals (D:1)
  6 kobolds
  3 frilled lizards
  3 rats
58 creatures vanquished.

Notes
Turn   | Place    | Note
-------+----------+-------------------------------------------
     0 | D:1      | Irenicus the Gnoll Wanderer began the quest for the Orb.
     0 | D:1      | Irenicus set off with: a +2 spear, a +0 ring mail, a scroll of teleportation, a +0 dagger, a bread ration
     0 | D:1      | Reached XP level 1. HP: 23/23 MP: 1/1
    51 | D:1      | Reached XP level 2. HP: 19/29 MP: 2/2
   454 | D:1      | Reached XP level 3. HP: 14/35 MP: 3/3
  1095 | D:2      | Reached skill level 1 in Short Blades
  1095 | D:2      | Reached skill level 1 in Long Blades
  1095 | D:2      | Reached skill level 1 in Axes
  1095 | D:2      | Reached skill level 1 in Maces & Flails
  1095 | D:2      | Reached skill level 1 in Staves
  1095 | D:2      | Reached skill level 1 in Slings
  1095 | D:2      | Reached skill level 1 in Bows
  1095 | D:2      | Reached skill level 1 in Throwing
  1095 | D:2      | Reached skill level 1 in Shields
  1095 | D:2      | Reached skill level 1 in Unarmed Combat
  1095 | D:2      | Reached skill level 1 in Spellcasting
  1095 | D:2      | Reached skill level 1 in Conjurations
  1095 | D:2      | Reached skill level 1 in Hexes
  1095 | D:2      | Reached skill level 1 in Charms
  1095 | D:2      | Reached skill level 1 in Summonings
  1095 | D:2      | Reached skill level 1 in Necromancy
  1095 | D:2      | Reached skill level 1 in Translocations
  1095 | D:2      | Reached skill level 1 in Transmutations
  1095 | D:2      | Reached skill level 1 in Fire Magic
  1095 | D:2      | Reached skill level 1 in Ice Magic
  1095 | D:2      | Reached skill level 1 in Air Magic
  1095 | D:2      | Reached skill level 1 in Earth Magic
  1095 | D:2      | Reached skill level 1 in Poison Magic
  1095 | D:2      | Reached skill level 1 in Invocations
  1095 | D:2      | Reached skill level 1 in Evocations
  1187 | D:2      | Reached XP level 4. HP: 41/41 MP: 5/5
  1554 | D:2      | Reached XP level 5. HP: 34/47 MP: 6/6
  1937 | D:3      | Noticed a centaur
  1947 | D:3      | HP: 1/47 [centaur (3)]
  1950 | D:3      | Slain by a centaur

Vault maps used:
D:1:      mushboom_english_gardens, minmay_misc_feat_doors, grunt_decor_cap,
          hangedman_abyss_or_decor_lesser_grid
D:3:      roderic_cross_of_infinity, kb_xom_exploding_sheep, uniq_robin,
          uniq_terence

Skill      XL: |  1  2  3  4  5 |
---------------+----------------+-----
Short Blades   | 1 |  1.5
Long Blades    | 1 |  1.5
Axes           | 1 |  1.5
Maces & Flails | 1 |  1.5
Staves         | 1 |  1.5
Slings         | 1 |  1.5
Bows           | 1 |  1.5
Throwing       | 1 |  1.5
Shields        | 1 |  1.5
Unarmed Combat | 1 |  1.5
Spellcasting   | 1 |  1.5
Conjurations   | 1 |  1.5
Hexes          | 1 |  1.5
Charms         | 1 |  1.5
Summonings     | 1 |  1.5
Necromancy     | 1 |  1.5
Translocations | 1 |  1.5
Transmutations | 1 |  1.5
Fire Magic     | 1 |  1.5
Ice Magic      | 1 |  1.5
Air Magic      | 1 |  1.5
Earth Magic    | 1 |  1.5
Poison Magic   | 1 |  1.5
Invocations    | 1 |  1.5
Evocations     | 1 |  1.5
Polearms       | 3 |  3.0
Crossbows      | 3 |  3.0
Armour         | 3 |  3.0
Fighting       | |  6.7
Dodging        | |  4.8
Stealth        | |  4.4

Action                   |  1- 3 |  4- 6 || total
-------------------------+-------+-------++-------
Melee: Spear             |   108 |   103 ||   211
       Bite              |    12 |     9 ||    21
       Punch             |       |     1 ||     1
  Use: Potion            |       |     2 ||     2
 Stab: Sleeping          |     6 |     6 ||    12
  Eat: Chunk             |     1 |     2 ||     3
Armor: Ring mail         |    20 |    20 ||    40
Dodge: Dodged            |    59 |    54 ||   113

Table legend:
 A = Spawn XP
 B = Non-spawn XP
 C = Spawn XP percentage of total XP
 D = Spawn monster count
 E = Non-spawn monster count
 F = Spawn count percentage of total count
 G = Total turns spent on level
                    A         B        C        D         E        F      G
               +---------+---------+-------+---------+---------+-------+---------
         Total |       0 |     266 |   0.0 |       0 |      58 |   0.0 |  1950
               +---------+---------+-------+---------+---------+-------+---------
           D:1 |       0 |      50 |   0.0 |       0 |      25 |   0.0 |   813
           D:2 |       0 |     122 |   0.0 |       0 |      24 |   0.0 |   897
           D:3 |       0 |      94 |   0.0 |       0 |       9 |   0.0 |   240
               +---------+---------+-------+---------+---------+-------+---------
